 Dungeon Crawl Stone Soup version 0.18.1-6-gd335043 (webtiles) character file.

3639 Gingerlord the Envoy of Void (level 10, -2/79 HPs)
             Began as a Formicid Abyssal Knight on May 17, 2016.
             Was a High Priest of Lugonu.
             Killed by a spatial distortion (3 damage)
             ... on level 8 of the Dungeon.
             The game lasted 00:18:56 (8754 turns).

Gingerlord the Envoy of Void (FoAK)                 Turns: 8754, Time: 00:18:57

Health: -2/79      AC: -4    Str: 18    XL:     10   Next: 33%
Magic:  10/15      EV:  8    Int: 11    God:    Lugonu [*****.]
Gold:   263        SH:  6    Dex: 16    Spells: 0 memorised, 9 levels left

rFire  . . .     SeeInvis +     b - +0 long sword (elec)
rCold  + . .     Gourm    .     y - +0 plate armour {rPois}
rNeg   . . .     Faith    .     l - +0 buckler
rPois  +         Spirit   .     (helmet unavailable)
rElec  .         Dismiss  .     i - +0 cloak
rCorr  .         Reflect  .     h - +0 pair of gloves
SustAt .         Harm     .     (no boots)
MR     +....                    (no amulet)
Stlth  ..........               v - ring of protection from cold
                                t - +3 ring of dexterity

@: corroded, somewhat resistant to hostile enchantments, extremely unstealthy
A: permanent stasis, dig shafts and tunnels, four strong arms, antennae 3
a: Dig, Shaft Self, Depart the Abyss, Bend Space, Banish, Corrupt, Enter the
Abyss, Renounce Religion


You were on level 8 of the Dungeon.
You worshipped Lugonu.
Lugonu was extremely pleased with you.
You were very hungry.

You visited 1 branch of the dungeon, and saw 8 of its levels.
You visited the Abyss 1 time.
You also visited: Sewer.

You collected 416 gold pieces.
You spent 153 gold pieces at shops.

Inventory:

Hand Weapons
 b - a +0 long sword of electrocution (weapon)
 w - a +2 long sword of holy wrath
Armour
 h - a +0 pair of gloves (worn)
 i - a +0 cloak (worn)
 l - a +0 buckler (worn)
 y - a +0 plate armour of poison resistance (worn)
Jewellery
 d - an uncursed ring of ice
 t - a +3 ring of dexterity (left hand)
 v - a ring of protection from cold (right hand)
Wands
 B - a wand of confusion (27/48)
Scrolls
 e - a scroll of magic mapping
 g - a scroll of fear
 j - 2 scrolls of enchant weapon
 k - a scroll of fog
 p - 5 scrolls of recharging
 u - 3 scrolls of remove curse
Potions
 a - a potion of haste
 m - 3 potions of brilliance
 n - a potion of magic
 o - a potion of ambrosia {unknown}
 s - 2 potions of flight {unknown}
 z - a potion of resistance {unknown}
 A - a potion of degeneration {unknown}
Comestibles
 c - 5 bread rations
 f - a beef jerky
 q - 4 fruits
 r - 2 slices of pizza


   Skills:
 + Level 7.2 Fighting
 + Level 6.2 Long Blades
 + Level 7.2 Armour
 + Level 5.3 Dodging
 - Level 5.5 Shields
 + Level 7.3 Invocations


You had 9 spell levels left.
You didn't know any spells.

Dungeon Overview and Level Annotations

Branches:
Dungeon (8/15)             Temple (0/1) D:4
   Lair: D:8-11

Altars:
Cheibriados
Dithmenos
Elyvilon
Fedhas
Gozag
Okawaru
Pakellas
Sif Muna
Trog
Xom
Zin
The Shining One

Shops:
D:4 !   D:5 %:(*   D:6 (((


Innate Abilities, Weirdness & Mutations

You are under a permanent stasis effect.
You can dig through walls and to a lower floor.
Your four strong arms can wield two-handed weapons with a shield.
You have a pair of large antennae on your head (SInv).


Message History

Lugonu accepts your kill.
Unknown command.
Space bends sharply around you!
The orc warrior blinks!
You feel jittery for a moment.
* * * LOW HITPOINT WARNING * * *
You feel slightly more hungry.
You hit the orc priest.
There is a sudden explosion of sparks!
You kill the orc priest!
Lugonu accepts your kill.
You extend your mandibles.
You dig through the rock wall.
An orc comes into view. It is wielding a falchion of slicing.
The orc warrior hits you with a long sword!!
* * * LOW HITPOINT WARNING * * *
Unknown command.
You retract your mandibles.
Drink which item? (? for menu, Esc to quit)
Okay, then.
Space bends around you!
You blink.
You die...

########.....##
#...{.{......#
#o######...#.##
#.# ##(##..##
#.# ##.##..##
#.# #..##..#.
#.# #..##..#.
###.# ..#.#..#.
##@#.# .#
#...#. #ยง#o.#
#...#. ##o#.#
##..#. ###.#
#.... #..
#.....#[. ####
#.######. #. #.
#.


You could see an orc.

Vanquished Creatures
  Pikel (D:8)
  Eustachio (D:5)
  An orc warrior (D:5)
  2 slaves (D:8)
  2 ice beasts (D:5)
  3 black bears
  4 ogres
  A big kobold (D:7)
  5 giant frogs
  3 scorpions
  A howler monkey (D:6)
  7 crimson imps
  2 giant frog zombies
  A jelly (D:6)
  2 centaur skeletons
  2 hounds
  6 orc wizards
  A gnoll shaman (D:4)
  7 orc priests
  A centaur zombie (D:6)
  8 worker ants
  A howler monkey zombie (D:8)
  A worker ant zombie (D:5)
  7 river rats
  20 adders
  3 gnolls (D:4)
  3 adder skeletons
  2 worms
  5 dart slugs
  6 giant geckos
  22 orcs
  20 ball pythons
  7 giant cockroaches
  4 goblins
  7 hobgoblins
  13 jackals
  4 quokkas
  10 bats
  A giant gecko zombie (D:7)
  9 giant newts
  17 kobolds
  2 quokka skeletons
  31 rats
256 creatures vanquished.

Vanquished Creatures (others)
  A slave (D:8)
  A jelly (D:8)
  An orc wizard (D:7)
3 creatures vanquished.

Grand Total: 259 creatures vanquished

Notes
Turn   | Place    | Note
--------------------------------------------------------------
     0 | Abyss:1  | Gingerlord the Formicid Abyssal Knight began the quest for the Orb.
     0 | Abyss:1  | Reached XP level 1. HP: 18/18 MP: 2/2
    33 | Abyss:1  | Noticed a small abomination
    40 | Abyss:1  | Noticed a wretched star
    41 | Abyss:1  | Noticed a wretched star
    42 | D:1      | Escaped the Abyss
   299 | D:1      | Reached skill level 1 in Dodging
   342 | D:1      | Reached XP level 2. HP: 4/24 MP: 3/3
   725 | D:1      | Reached XP level 3. HP: 28/29 MP: 4/4
   726 | D:1      | Reached * piety under Lugonu
  1143 | D:1      | Reached XP level 4. HP: 15/35 MP: 5/5
  1615 | D:2      | Found a bloodstained altar of Trog.
  1952 | D:2      | Reached ** piety under Lugonu
  1952 | D:2      | Reached XP level 5. HP: 39/42 MP: 7/7
  2007 | D:2      | Found an iron altar of Okawaru.
  3076 | D:3      | Found a shimmering altar of Xom.
  3217 | D:4      | Reached skill level 1 in Shields
  3326 | D:4      | Reached XP level 6. HP: 41/48 MP: 8/8
  3539 | D:4      | Reached *** piety under Lugonu
  3709 | D:4      | Found a glowing drain.
  3726 | Sewer    | Entered a sewer
  4209 | Sewer    | Reached XP level 7. HP: 55/55 MP: 9/9
  4213 | Sewer    | Reached **** piety under Lugonu
  4792 | D:4      | Found Imuonut's Distillery.
  4801 | D:4      | Bought a potion of might for 52 gold pieces
  5087 | D:4      | Reached XP level 8. HP: 21/61 MP: 11/11
  5340 | D:4      | Reached skill level 5 in Fighting
  5356 | D:4      | Reached ***** piety under Lugonu
  5526 | D:4      | Found a staircase to the Ecumenical Temple.
  5719 | D:5      | Entered Level 5 of the Dungeon
  5731 | D:5      | Reached skill level 5 in Invocations
  5763 | D:5      | Found Vuteid's Book Shop.
  5816 | D:5      | Reached skill level 5 in Armour
  6031 | D:5      | Found Urub's Food Shoppe.
  6700 | D:5      | Noticed Eustachio
  6711 | D:5      | Reached XP level 9. HP: 35/69 MP: 13/13
  6883 | D:5      | Killed Eustachio
  6947 | D:5      | Found Quozid's Antique Weapon Shop.
  7009 | D:5      | Found Kuag's Assorted Antiques.
  7344 | D:6      | Reached skill level 5 in Long Blades
  7421 | D:6      | Found Gustrih's Weapon Emporium.
  7434 | D:6      | Found Mepijex's Antique Weapon Boutique.
  7522 | D:6      | Reached skill level 5 in Shields
  7697 | D:6      | Found an oddly glowing altar of Pakellas.
  7705 | D:6      | Found a shadowy altar of Dithmenos.
  7705 | D:6      | Found a blossoming altar of Fedhas.
  7706 | D:6      | Found a deep blue altar of Sif Muna.
  7707 | D:6      | Found a snail-covered altar of Cheibriados.
  7749 | D:6      | Found Avis's Antique Weapon Shop.
  7778 | D:6      | Bought a glowing long sword for 101 gold pieces
  7894 | D:6      | Found a white marble altar of Elyvilon.
  7894 | D:6      | Found a glowing silver altar of Zin.
  7894 | D:6      | Found a glowing golden altar of the Shining One.
  8123 | D:7      | Found an opulent altar of Gozag.
  8163 | D:7      | Reached XP level 10. HP: 76/77 MP: 15/15
  8649 | D:8      | Reached skill level 5 in Dodging
  8666 | D:8      | Noticed Pikel
  8710 | D:8      | Killed Pikel
  8752 | D:8      | HP: 1/79 [orc warrior/long sword (18)]
  8754 | D:8      | Killed by a spatial distortion

Skill      XL: |  1  2  3  4  5  6  7  8  9 10 |
---------------+-------------------------------+-----
Dodging        | 1 2 3 4 5 |  5.3
Armour         | 3 4 5 6 7 |  7.2
Fighting       | 4 5 6 7 |  7.2
Shields        | 1 2 4 5 |  5.5
Invocations    | 3 4 5 6 7 |  7.3
Long Blades    | 3 4 5 6 |  6.2

Action                   |  1- 3 |  4- 6 |  7- 9 | 10-12 || total
-------------------------+-------+-------+-------+-------++-------
Melee: Falchion          |   111 |   341 |   341 |       ||   793
       Long sword        |       |       |   162 |    78 ||   240
Invok: Depart the Abyss  |     1 |       |       |       ||     1
       Bend Space        |       |       |     1 |     3 ||     4
 Abil: Dig               |       |       |       |     2 ||     2
  Use: Scroll            |       |     8 |     4 |       ||    12
       Potion            |       |     2 |     7 |     1 ||    10
  Eat: Chunk             |     1 |     7 |    14 |     1 ||    23
       Pizza             |       |     1 |       |       ||     1
       Beef jerky        |       |     1 |       |       ||     1
       Fruit             |       |       |     1 |       ||     1
Armor: Leather armour    |    18 |       |       |       ||    18
       Chain mail        |    46 |   242 |   412 |       ||   700
       Ring mail         |     1 |       |       |       ||     1
       Plate armour      |       |       |     3 |    38 ||    41
Dodge: Dodged            |    76 |   163 |   299 |    17 ||   555
Block: Buckler           |       |    38 |   152 |    22 ||   212
